AoeStats
← [PSCH] R!ce

Arabia

505828775Analyzed
1v1 RM · 21d ago on Sep 11, 2026· 28m 52s· 2 players
Game mode
Random Map
Map size
Tiny (2 player)
Population
200
Speed
Normal
Resources
Standard
Victory
Conquest
Starting age
Dark Age
Ending age
Imperial Age
RankedLock teamsTeams togetherTeam positionsShared explorationLock speedFull tech treeHidden civsTurbo modeCheats
Victory
Defeat
🇺🇸 Ethiopians · United States
1571
+14
🇨🇭 Japanese · Switzerland
1538
-14
[PSCH] R!ce
7:36 Loom
9:39 Feudal Age
9:59 Man-at-Arms
21:56 Castle Age
ENroth
7:10 Loom
10:34 Feudal Age
14:22 Castle Age
12:46 Double-Bit Axe
25:55 Scale Mail Armor
26:15 Town Watch
26:51 Chain Mail Armor
Connection lost

Rejoining the realm…

Still unreachable

The connection could not be restored.

Session expired

The server has moved on; the page needs a fresh start.